 Dungeon Crawl Stone Soup version 0.22-a0-368-g870eee8 (webtiles) character file.

16 Amnesiac the Magician (level 2, 0/21 HPs)
             Began as a Mummy Wizard on Apr 23, 2018.
             Slain by a kobold
             ... wielding a +0 whip
              (4 damage)
             ... on level 2 of the Dungeon.
             The game lasted 00:00:57 (621 turns).

Amnesiac the Magician (Mummy Wizard)                 Turns: 621, Time: 00:00:58

Health: 0/21       AC:  2    Str: 10    XL:     2   Next: 41%
Magic:  0/7        EV: 12    Int: 17    God:
Gold:   28         SH:  0    Dex: 10    Spells: 6/9 levels left

rFire    x . .     SeeInvis +   (no weapon)
rCold    + . .     Gourm    .   (no shield)
rNeg     + + +     Faith    .   a - +0 robe
rPois    ∞         Spirit   .   b - +0 hat
rElec    .         Reflect  .   (no cloak)
rCorr    .         Harm     .   (no gloves)
MR       .....                  (no boots)
Stlth    ++........             (no amulet)
HPRegen  0.07/turn              d - ring of see invisible
MPRegen  0.10/turn              (no ring)

@: very slightly contaminated
A: no food or potions, fire vulnerability, cold resistance 1, negative energy
resistance 3, torment resistance, unbreathing
a: no special abilities


You were on level 2 of the Dungeon.
You were not hungry.

You visited 1 branch of the dungeon, and saw 3 of its levels.

You collected 28 gold pieces.

Inventory:

Missiles
 e - 32 stones (quivered)
Armour
 a - a +0 robe (worn)
 b - a +0 hat (worn)
 g - a +0 pair of gloves
Jewellery
 d - a ring of see invisible (left hand)
Scrolls
 c - a scroll of remove curse {!r, unknown}
 f - a scroll of magic mapping {!r, unknown}


   Skills:
 + Level 1.1 Fighting
 - Level 1.5 Dodging
 - Level 1.5 Stealth
 - Level 4.0 Spellcasting
 * Level 1.6 Conjurations
 - Level 0.7 Summonings
   Level 0.7 Translocations


You had 6 spell levels left.
You knew the following spells:

 Your Spells              Type           Power        Failure   Level  Hunger
a - Magic Dart            Conj           #...         8%          1    N/A
b - Call Imp              Summ           #.......     19%         2    N/A

Dungeon Overview and Level Annotations

Branches:
Dungeon (3/15)

Altars:


Innate Abilities, Weirdness & Mutations

You do not eat or drink.
Your flesh is vulnerable to fire.
You are immune to poison.
Your flesh is cold resistant. (rC+)
You are immune to negative energy. (rN+++)
You are immune to unholy pain and torment.
You can survive without breathing.


Message History

The adder barely misses you.
Your white imp freezes the adder.
The adder seems to slow down.
Your crimson imp blinks!
Casting: Magic Dart (safe; 9% risk of failure)
Confirm with . or Enter, or press ? or * to list all spells.
Aiming: Magic Dart (safe; 9% risk of failure)
Press: ? - help, Shift-Dir - straight line, f/p - adder
Aim: an adder (almost dead, slow)
The magic dart hits the adder.
You kill the adder!
Your Fighting skill increases to level 1!
Casting: Magic Dart (safe; 8% risk of failure)
Confirm with . or Enter, or press ? or * to list all spells.
You can't see any susceptible monsters within range! (Use Z to cast anyway.)
You start resting.
HP restored.
Your crimson imp disappears in a puff of smoke!
You start resting.
Your white imp disappears in a puff of smoke!
Your crimson imp disappears in a puff of smoke!
Magic restored.
You start resting.
Magic restored.
You climb downwards.
The adder bites you. The worm completely misses you.
The adder bites you but does no damage.
There is a stone staircase leading up here.
HP restored.
The adder bites you but does no damage. The worm bites you!
You climb upwards.
There is a stone staircase leading down here.
The adder bites you.
The adder barely misses you. x2; The adder closely misses you.
Found 5 gold pieces.
Casting: Magic Dart (safe; 8% risk of failure)
Confirm with . or Enter, or press ? or * to list all spells.
A beastly little devil appears in a puff of flame.
Your crimson imp says, "I yield to your servitude, O grandiloquent and god-like gentlemummy!"
The adder completely misses you.
Casting: Call Imp (safe; 19% risk of failure)
Confirm with . or Enter, or press ? or * to list all spells.
You miscast Call Imp.
You are very lightly contaminated with residual magic.
Your brain hurts!
The adder misses you. The adder bites you.
* * * LOW HITPOINT WARNING * * *
The adder bites you.
* * * LOW HITPOINT WARNING * * *
The adder barely misses you.
Casting: Call Imp (safe; 19% risk of failure)
Confirm with . or Enter, or press ? or * to list all spells.
A beastly little devil appears in a puff of flame.
The adder misses you.
Found 11 gold pieces.
The adder bites your crimson imp.
There is an escape hatch in the ceiling here.
Your crimson imp blinks!
The adder closely misses you.
A kobold comes into view. It is wielding a whip.
The adder bites your crimson imp. The worm bites your crimson imp!
Casting: Call Imp (safe; 19% risk of failure)
Confirm with . or Enter, or press ? or * to list all spells.
A beastly little devil appears in a puff of flame.
The adder barely misses your crimson imp.
The adder completely misses your crimson imp.
The kobold hits you with a whip.
You die...

..# #.#..
#.... ## #...#
. #.#.#
#.#.#.#####
#.#.#$.....
#..@K#
######55# ...
#SS####
#.##5....#
#...#
#≈#.###[##.#<#
#≈ ...##.#.#


You could see a worm, 2 adders, a kobold and 3 friendly crimson imps.

Vanquished Creatures
  An adder (D:2)
  2 giant cockroaches (D:1)
  A hobgoblin (D:1)
  A bat (D:1)
  2 frilled lizards (D:1)
  3 kobolds (D:1)
  2 rats (D:1)
12 creatures vanquished.

Notes
Turn   | Place    | Note
-------+----------+-------------------------------------------
     0 | D:1      | Amnesiac the Mummy Wizard began the quest for the Orb.
     0 | D:1      | Reached XP level 1. HP: 13/13 MP: 5/5
   139 | D:1      | Reached skill level 1 in Conjurations
   365 | D:1      | Reached XP level 2. HP: 15/20 MP: 0/7
   448 | D:1      | Learned a level 2 spell: Call Imp
   543 | D:2      | Reached skill level 1 in Fighting
   621 | D:2      | Slain by a kobold

Vault maps used:
D:1:      dpeg_arrival_windows_large_door, grunt_decor_one_mirror
D:2:      grunt_decor_cap, minmay_misc_feat_ornament
D:3:      kennysheep_slug_shrine, gammafunk_temple_overflow_statue,
          lemuel_round_altar

Skill      XL: |  1  2 |
---------------+-------+-----
Conjurations   | 1 |  1.6
Fighting       | 1 |  1.1
Dodging        | |  1.5
Stealth        | |  1.5
Spellcasting   | |  4.0
Summonings     | |  0.7
Translocations | |  0.7

Action                   || total
-------------------------++-------
Melee: Unarmed           ||    12
 Cast: Magic Dart        ||    25
       Call Imp          ||     6
Armor: Robe              ||     3
Dodge: Dodged            ||    24

Table legend:
 A = Spawn XP
 B = Non-spawn XP
 C = Spawn XP percentage of total XP
 D = Spawn monster count
 E = Non-spawn monster count
 F = Spawn count percentage of total count
 G = Total turns spent on level
                    A         B        C        D         E        F      G
               +---------+---------+-------+---------+---------+-------+---------
         Total |       0 |      24 |   0.0 |       0 |      12 |   0.0 |   621
               +---------+---------+-------+---------+---------+-------+---------
           D:1 |       0 |      14 |   0.0 |       0 |      11 |   0.0 |   514
           D:2 |       0 |      10 |   0.0 |       0 |       1 |   0.0 |   103
               +---------+---------+-------+---------+---------+-------+---------
